 Dungeon Crawl Stone Soup version 0.24.0-10-g970556be89 (console) character file.

Game seed: 10318137485235148150, levelgen mode: deterministic

24 AlterAsc the Ruffian (level 2, 23/23 HPs)
             Began as a Draconian Transmuter on Nov 3, 2019.
             Quit the game on level 1 of the Dungeon.
             The game lasted 00:01:47 (583 turns).

AlterAsc the Ruffian (Draconian Transmuter)          Turns: 583, Time: 00:01:48

Health: 23/23      AC:  4    Str: 12    XL:     2   Next: 79%
Magic:  5/5        EV: 12    Int: 13    God:
Gold:   31         SH:  0    Dex: 11    Spells: 4/5 levels left

rFire    . . .     SeeInvis .     - Unarmed
rCold    . . .     Gourm    .   (no shield)
rNeg     . . .     Faith    .   (armour unavailable)
rPois    .         Spirit   .   (helmet restricted)
rElec    .         Reflect  .   (no cloak)
rCorr    .         Harm     +   (no gloves)
MR       .....                  (no boots)
Stlth    +.........             h - amulet of harm
HPRegen  0.07/turn              (no ring)
MPRegen  0.09/turn              (no ring)

@: no status effects
A: unfitting armour, cold-blooded, AC +4
a: no special abilities


You were on level 1 of the Dungeon.
You were not hungry.

You visited 1 branch of the dungeon, and saw 1 of its levels.

You collected 31 gold pieces.

Inventory:

Missiles
 a - 12 arrows
Jewellery
 h - an amulet of harm (around neck)
Scrolls
 d - a scroll of remove curse {unknown}
 e - 3 scrolls of blinking {unknown}
 g - a scroll of teleportation {unknown}
Potions
 f - a potion of flight {unknown}
Comestibles
 b - 5 chunks of flesh
 c - a ration


   Skills:
 + Level 1.5 Fighting
 + Level 2.0 Dodging
 * Level 3.3 Unarmed Combat
 + Level 2.2 Spellcasting
 + Level 2.3 Transmutations


You had 4 spell levels left.
You knew the following spells:

 Your Spells              Type           Power        Failure   Level  Hunger
a - Beastly Appendage     Tmut           #.....       10%         1    ##.....

Your spell library contained the following spells:

 Spells                   Type           Power        Failure   Level  Hunger
 Sticks to Snakes         Tmut           #.......     14%         2    ###....
 Spider Form              Tmut/Pois      #.........   43%         3    ####...
 Ice Form                 Ice/Tmut       #.......     83%         4    #####..
 Blade Hands              Tmut           #.........   95%         5    ######.


Dungeon Overview and Level Annotations

Branches:
Dungeon (1/15)

Altars:


Innate Abilities, Weirdness & Mutations

Your plain brown scales are hard. (AC +4)
You cannot fit into any form of body armour.
You are cold-blooded and may be slowed by cold attacks.


Message History

There isn't anything to butcher here.
Your horns disappear.
g - a scroll labeled AQURHE DANNIHI A rat comes into view.
Found a robe.
Casting: Beastly Appendage (safe; 10% risk of failure)
Confirm with . or Enter, or press ? or * to list all spells.
You grow a pair of large bovine horns.
You hit the rat but do no damage. The rat barely misses you.
You hit the rat.
You kill the rat!
Your transformation is almost over.
Found a lumpy bronze amulet.
You see here a robe.
h - a lumpy bronze amulet
h - an amulet of harm (around neck)
Your horns disappear.
Quiver which item? (- for none, * to show all) (? for menu, Esc to quit)
Okay, then.
Are you sure you want to abandon this character and quit the game? (Confirm with "yes".)

#.# #.# #
#############.###.#
#.....)..........
#.##............ ...
#.##.########.## # ...
#.##.#######...# .# #.#
#.##.##.......[##.# #.#
#.##.##@##........# #.#
#.##.##.##........# #.#
#.##..#.##........####.#
#.###.#.####...##.[.....
##.# #.#.# #...#######.#
#..# #.#.# ##.## #.#
#.##
#.#.#####.########.# #.#
#.#................. #.#
#.############.###.#


There were no monsters in sight!

Vanquished Creatures
  2 dart slugs (D:1)
  A giant cockroach (D:1)
  3 goblins (D:1)
  3 hobgoblins (D:1)
  3 jackals (D:1)
  A kobold (D:1)
  2 frilled lizards (D:1)
  3 rats (D:1)
18 creatures vanquished.

Notes
Turn   | Place    | Note
-------+----------+-------------------------------------------
     0 | D:1      | AlterAsc the Draconian Transmuter began the quest for the
                  | Orb.
     0 | D:1      | Reached XP level 1. HP: 16/16 MP: 3/3
   134 | D:1      | Reached XP level 2. HP: 21/23 MP: 3/5
   583 | D:1      | Quit the game

Levels and vault maps discovered:
D:1:      saegor_arrival_simple_a, layout_loops_ring, palyth_stone_intersect

Skill      XL: |  1  2 |
---------------+-------+-----
Dodging        | 2 |  2.0
Fighting       | |  1.5
Unarmed Combat | |  3.3
Spellcasting   | |  2.2
Transmutations | |  2.3

Action                   || total
-------------------------++-------
Melee: Unarmed           ||    67
       Tailslap          ||     6
       Headbutt          ||     3
       Kick              ||     4
 Cast: Beastly Appendage ||     8
Armor: Skin              ||    11
Dodge: Dodged            ||    33
